 Dungeon Crawl Stone Soup version 0.30-a0-393-g54b8e3be05 (webtiles) character file.

Game seed: 15698472367428383098

64 ragingrage the Slasher (level 3, -10/32 HPs)
             Began as an Armataur Chaos Knight on Dec 5, 2022.
             Was a Plaything of Xom.
             Mangled by a torpor snail (shapeshifter) (13 damage)
             ... on level 2 of the Dungeon.
             The game lasted 00:01:41 (1550 turns).

ragingrage the Slasher (Armataur Chaos Knight)      Turns: 1550, Time: 00:01:42

Health: -10/32     AC:  7    Str: 17    XL:     3   Next: 91%
Magic:  3/3        EV:  9    Int: 12    God:    Xom [*.....]
Gold:   56         SH:  0    Dex: 11    Spells: 2/2 levels left

rFire   . . .      SeeInvis .    a - +0 falchion (chaos)
rCold   . . .      Faith    .    (no shield)
rNeg    . . .      Spirit   .    b - +2 leather armour
rPois   .          Reflect  .    g - +0 helmet
rElec   .          Harm     .    (no cloak)
rCorr   +          Roll     +    (no gloves)
Will    .....                    (no barding)
Stlth   +.........               (no amulet)
HPRegen 0.25/turn                i - ring of resist corrosion
MPRegen 0.08/turn                (no ring)

@: slowed, unable to read, very slow
A: large, rugged brown scales 3, deformed body, armoured tail, roll, long
tongue, awkward tongue, subdued magic 1, inability to read after injury 1
a: Renounce Religion


You were on level 2 of the Dungeon.
You worshipped Xom.
You were a special plaything of Xom.
You visited 1 branch of the dungeon, and saw 3 of its levels.

You collected 56 gold pieces.

Inventory:

Hand Weapons
 a - a +0 falchion of chaos (weapon)
Missiles
 h - 6 boomerangs
Armour
 b - a +2 leather armour (worn)
 g - a +0 helmet (worn)
Jewellery
 i - a ring of resist corrosion (left hand)
 j - a ring of poison resistance
Scrolls
 f - a scroll of blinking {unknown}
Potions
 d - 2 potions of flight
 e - a potion of degeneration {unknown}
Miscellaneous
 c - a piece from Xom's chessboard (14/15) (quivered)


   Skills:
 - Level 2.6 Fighting
 * Level 4.4 Long Blades
 - Level 2.4 Armour
 - Level 0.6 Dodging


You had 2 spell levels left.
You didn't know any spells.
Your spell library contained the following spells:

 Spells                   Type           Power      Damage    Failure   Level
 Portal Projectile        Hex/Tloc       0%         N/A       71%         3
 Tukima's Dance           Hex            0%         N/A       71%         3
 Blade Hands              Tmut           0%         N/A       100%        5


Dungeon Overview and Level Annotations

Branches:
Dungeon (3/15)

Altars:


Innate Abilities, Weirdness & Mutations

You are completely covered in rugged brown scales. (AC +3, +7% HP)
Armour fits poorly on your strangely shaped body.
You have a long armoured tail.
You roll when moving toward enemies. (Rampage)
Your long tongue fully drains potion bottles. (2x potion effects)
Your tongue gives you trouble enunciating. (1.5x scroll delay)
Your spells are a little easier to cast, but a little less powerful.
You occasionally lose the ability to read scrolls when taking damage.


Message History

Being near the torpor snail leaves you feeling lethargic.
You see here a ring of poison resistance.
j - a ring of poison resistance Non-targeted evoke: piece from Xom's chessboard (15/15)
Press: ? - help, Q - select action, (/) - cycle Dir - look around, f - activate You make a move on Xom's chessboard...
The torpor snail resists with almost no effort.
You hit the torpor snail but do no damage.
The torpor snail bites you.
You hit the torpor snail. You tail-slap the torpor snail.
The torpor snail is lightly wounded.
Xom adds some personal touches to your environment.
A door bursts open!
The torpor snail bites you.
You hit the torpor snail but do no damage.
The torpor snail is poisoned.
You tail-slap the torpor snail!
The torpor snail is lightly wounded.
The torpor snail bites you.
You hit the torpor snail but do no damage.
The torpor snail seems to speed up.
You tail-slap the torpor snail.
The torpor snail is moderately wounded.
The torpor snail bites you!
A shower of butterflies erupts from you!
The torpor snail bites you!!
You feel threatened and lose the ability to read scrolls!
Ouch! That really hurt!
You die... "That's my plaything, go get your own!"
Xom revives you!
Unknown command.
Unknown command.
Unknown command.
The torpor snail attacks as you move away!
The torpor snail barely misses you.
The torpor snail attacks as you move away!
The torpor snail bites you but does no damage.
You feel yourself speed up.
Being near the torpor snail leaves you feeling lethargic.
The torpor snail bites you!
You die...
Xom titters!

....... ###.# #......
.......##...# #...♣..
.#.!...##.###
##..P... ......)#).#
#......# #.......####
#..P.÷.#
#.##.#.....###.....##
#>'.....†...†..... #
#.#.....##########
#.##@#.b...##
#....w..b...#
####........#
#..bb....# .
#........# .
########## .


You could see a torpor snail (fast, ally target).

Vanquished Creatures
  3 adders
  A worm (D:2)
  2 dart slugs
  3 endoplasms (D:1)
  2 goblins (D:1)
  3 hobgoblins (D:2)
  3 jackals (D:2)
  A quokka (D:2)
  3 ball pythons (D:1)
  2 bats
  A frilled lizard (D:2)
  5 kobolds (D:1)
  A rat (D:2)
30 creatures vanquished.

Notes
Turn   | Place    | Note
-------+----------+-------------------------------------------
     0 | D:1      | ragingrage the Armataur Chaos Knight began the quest for
                  | the Orb.
     0 | D:1      | Reached XP level 1. HP: 19/19 MP: 1/1
    47 | D:1      | Reached skill level 3 in Long Blades
   126 | D:1      | Reached XP level 2. HP: 21/26 MP: 2/2
   236 | D:1      | XOM: divination: magic mapping
   892 | D:2      | Reached XP level 3. HP: 16/32 MP: 3/3
  1037 | D:2      | Reached skill level 4 in Long Blades
  1087 | D:2      | XOM: give mutations
  1087 | D:2      | Gained mutation: You occasionally lose the ability to read
                  | scrolls when taking damage. [Xom's mischief]
  1087 | D:2      | Gained mutation: Your spells are a little easier to cast,
                  | but a little less powerful. [Xom's mischief]
  1296 | D:2      | a goblin changed into a shapeshifter
  1296 | D:2      | Noticed a shapeshifter (shapeshifter)
  1296 | D:2      | a shapeshifter changed into a golden eye
  1296 | D:2      | Noticed a golden eye (shapeshifter)
  1299 | D:2      | XOM: swap monsters
  1301 | D:2      | a golden eye changed into a queen bee
  1301 | D:2      | Noticed a queen bee (shapeshifter)
  1306 | D:2      | a queen bee changed into a raiju
  1306 | D:2      | Noticed a raiju (shapeshifter)
  1307 | D:2      | XOM: fake destruction
  1312 | D:2      | XOM: 2-stop teleportation journey
  1538 | D:2      | Noticed a torpor snail
  1546 | D:2      | XOM: scenery: 1 doors open
  1548 | D:2      | XOM: butterfly on damage
  1548 | D:2      | Xom revived you
  1550 | D:2      | Mangled by a torpor snail (shapeshifter)

Illustrated notes

Levels and vault maps discovered:
D:1:      amcnicky_arrival_flooded_fountain, layout_basic
D:2:      layout_basic, serial_park_tiny_2, nicolae_kite_square_tiling_tiny,
          minmay_tetromino_t4
D:3:      layout_basic, mainiacjoe_overflow_alcove_3, serial_shops, shop

Skill      XL: |  1  2  3 |
---------------+----------+-----
Long Blades    | 3 4 |  4.4
Fighting       | |  2.6
Armour         | |  2.4
Dodging        | |  0.6

Action                   || total
-------------------------++-------
Melee: Falchion          ||   119
       Tailslap          ||    18
       Punch             ||     1
Evoke: Piece from Xom's  ||     1
  Use: Potion            ||     2
Armor: Leather armour    ||    86
Dodge: Dodged            ||    47

Table legend: (Time is in decaauts)
 A = Elapsed time spent in this place.
 B = Non-inter-level travel time spent in this place.
 C = Inter-level travel time spent in this place.
 D = Time resting spent in this place.
 E = Time spent auto-exploring this place.
 F = Levels seen in this place.
 G = Mean time per level.
                   A        B        C        D        E       F      G
               +--------+--------+--------+--------+--------+-----+--------+
         Total |   1568 |   1490 |     78 |    244 |    929 |   3 |  522.7 |
       Dungeon |   1568 |   1490 |     78 |    244 |    929 |   3 |  522.7 |
               +--------+--------+--------+--------+--------+-----+--------+

Top non-repeatable levels by time:
     D:1: 804 daAuts
     D:2: 716 daAuts
     D:3: 47 daAuts
